 Dungeon Crawl Stone Soup version 0.24-b1-44-g37ad8b309f (webtiles) character file.

Game seed: 11888988551543193704, levelgen mode: deterministic

779 NoAnimeNoLife the Basher (level 7, 0/78 HPs)
             Began as a Demonspawn Fighter on Oct 24, 2019.
             Was an Initiate of Fedhas.
             Slain by Edmund
             ... wielding a +4 flail of venom
              (3 damage)
             ... on level 3 of the Dungeon.
             The game lasted 00:14:33 (4488 turns).

NoAnimeNoLife the Basher (Demonspawn Fighter)       Turns: 4488, Time: 00:14:35

Health: 0/78       AC: 23    Str: 16      XL:     7   Next: 54%
Magic:  0/7        EV:  2    Int:  9 (10) God:    Fedhas [......]
Gold:   42         SH:  8    Dex: 11 (14) Spells: 6/6 levels left

rFire    x . .     SeeInvis .   y - +0 demon whip
rCold    + . .     Gourm    .   c - +0 shield
rNeg     + + +     Faith    .   (armour currently unavailable)
rPois    +         Spirit   +   (helmet currently unavailable)
rElec    .         Reflect  .   (cloak currently unavailable)
rCorr    .         Harm     .   (gloves currently unavailable)
MR       .....     Clarity  +   (boots currently unavailable) Stlth ++........NoTele +
                                (no amulet)
HPRegen  0.23/turn              q - ring of ice
MPRegen  0.20/turn              n - ring of stealth

@: lethally poisoned (0 -> -24), tree-form
A: clarity, deterioration 1, magic shield, magic regeneration
a: Renounce Religion


You were on level 3 of the Dungeon.
You worshipped Fedhas.
Fedhas was noncommittal.
You were not hungry.
You were a tree.
You visited 1 branch of the dungeon, and saw 4 of its levels.

You collected 142 gold pieces.
You spent 100 gold pieces at shops.

Inventory:

Hand Weapons
 a - a +0 flail
 w - a +0 morningstar
 y - a +0 demon whip (weapon)
Missiles
 e - 11 javelins (quivered)
 v - 4 poisoned darts
Armour
 b - a +0 scale mail (melded)
 c - a +0 shield (worn)
 j - a scarf of cloud immunity
 o - a scarf of resistance (melded)
Jewellery
 g - an uncursed ring of wizardry
 n - a ring of stealth (right branch)
 q - a ring of ice (left branch)
Scrolls
 h - 3 scrolls of identify
 s - a scroll of amnesia {unknown}
 t - a scroll of blinking {unknown}
 x - a scroll of remove curse {unknown}
Potions
 i - a potion of brilliance
 r - a potion of lignification
Comestibles
 f - 8 rations


   Skills:
 - Level 3.0 Fighting
 + Level 8.0 Maces & Flails
 - Level 2.6 Armour
 - Level 2.6 Shields


You had 6 spell levels left.
You didn't know any spells.
Your spell library was empty.

Dungeon Overview and Level Annotations

Branches:
Dungeon (4/15)
 Temple: D:4-7

Altars:
Cheibriados
Dithmenos
Fedhas
Uskayaw

Shops:
D:4 *

Annotations:
D:3 Edmund


Innate Abilities, Weirdness & Mutations

((You have a pair of small horns on your head.))
When hurt, damage is shared between your health and your magic reserves.
You regenerate magic rapidly.
((You have sharp fingernails.))
You possess an exceptional clarity of mind.
Your body sometimes deteriorates upon taking damage.


Message History

You hit Edmund but do no damage.
Edmund is heavily wounded.
* * * LOW HITPOINT WARNING * * *
You feel sick.
Edmund is no longer berserk.
You hit Edmund.
Edmund is heavily wounded.
* * * LOW HITPOINT WARNING * * *
You feel sick. Edmund hits you but does no damage.
As you read the scroll labeled IDO FURIROVYRCH, it crumbles to dust.
It is a scroll of enchant weapon.
Your -1 demon whip glows red for a moment.
* * * LOW HITPOINT WARNING * * *
You feel very sick.
As you read the scroll labeled CEAS INNONWA, it crumbles to dust.
Your brain hurts!
It was a scroll of random uselessness.
* * * LOW HITPOINT WARNING * * *
You feel sick.
Edmund hits you with a +4 flail of venom.
You die...
Fedhas appreciates your contribution to the ecosystem.

#..........# #..(##...#
###.###.#.##.#######.####.#..
#...÷.#.#.##.#...............
###(##..#......#.#####...####<#
#...##......####.#.............
#.#####.....#....#.#.....#####.
#.# #####.#.##.#.#........#..
#.# #.#.##.#.#....###.###
#.#### #.#.♣@J...........)..
#....# #.#.########.####....
####.######.#..........# #####
#..(.....#.###.#.####
##.......#.# #...# #.####.##.#
##### ####.# #....# #....#
###### #.#####


You could see Edmund and an ooze.

Vanquished Creatures
  Sigmund (D:2)
  A phantom (D:4)
  A centaur (D:4)
  A bullfrog (D:3)
  An orc priest (D:4)
  A hound (D:4)
  2 orc wizards (D:3)
  Natasha (twice) (D:3)
  A hound skeleton (D:4)
  3 gnolls
  6 adders
  An ooze (D:2)
  3 worms
  3 dart slugs
  6 leopard geckos
  11 orcs
  2 ball pythons
  5 giant cockroaches
  9 goblins
  7 hobgoblins
  12 jackals
  3 bats (D:1)
  6 frilled lizards
  A jackal skeleton (D:4)
  4 kobolds
  2 leopard gecko skeletons (D:4)
  7 rats
102 creatures vanquished.

Notes
Turn   | Place    | Note
-------+----------+-------------------------------------------
     0 | D:1      | NoAnimeNoLife the Demonspawn Fighter began the quest for
                  | the Orb.
     0 | D:1      | Reached XP level 1. HP: 18/18 MP: 1/1
    23 | D:1      | Reached skill level 2 in Maces & Flails
   119 | D:1      | Gained mutation: When hurt, damage is shared between your
                  | health and your magic reserves. [demonic ancestry]
   119 | D:1      | Reached XP level 2. HP: 24/24 MP: 2/2
   267 | D:1      | Reached skill level 3 in Maces & Flails
   333 | D:1      | Gained mutation: You regenerate magic rapidly. [demonic
                  | ancestry]
   333 | D:1      | Reached XP level 3. HP: 13/29 MP: 3/3
  1003 | D:2      | Noticed Sigmund
  1334 | D:2      | Killed Sigmund
  1334 | D:2      | Reached skill level 5 in Maces & Flails
  1334 | D:2      | Reached XP level 4. HP: 29/35 MP: 4/4
  1334 | D:2      | Reached XP level 5. HP: 34/41 MP: 5/5
  1429 | D:2      | Found a shadowy altar of Dithmenos.
  1653 | D:2      | Found a hide-covered altar of Uskayaw.
  1653 | D:2      | Found a snail-covered altar of Cheibriados.
  2361 | D:3      | Reached XP level 6. HP: 47/47 MP: 6/6
  2503 | D:3      | Noticed Natasha
  2510 | D:3      | Killed Natasha
  2510 | D:3      | Reached skill level 6 in Maces & Flails
  2556 | D:3      | Noticed Natasha
  2564 | D:3      | Killed Natasha
  2672 | D:3      | Found a faded altar of an unknown god.
  3392 | D:4      | Gained mutation: You possess an exceptional clarity of
                  | mind. [potion of mutation]
  3392 | D:4      | Gained mutation: Your body sometimes deteriorates upon
                  | taking damage. [potion of mutation]
  3392 | D:4      | Gained mutation: You have sharp fingernails. [potion of
                  | mutation]
  3836 | D:3      | Reached skill level 7 in Maces & Flails
  3913 | D:3      | Gained mutation: You have a pair of small horns on your
                  | head. [demonic ancestry]
  3913 | D:3      | Reached XP level 7. HP: 48/52 MP: 7/7
  4026 | D:4      | Found a blossoming altar of Fedhas.
  4035 | D:4      | Became a worshipper of Fedhas Madash
  4180 | D:4      | Found Sukudghol's Lightly-Used Armoury.
  4188 | D:4      | Bought a -1 demon whip for 100 gold pieces
  4195 | D:4      | Noticed Edmund
  4443 | D:3      | Reached skill level 8 in Maces & Flails
  4488 | D:3      | HP: 3/78 [poisoned by Edmund]
  4488 | D:3      | Slain by Edmund

Skill      XL: |  1  2  3  4  5  6  7 |
---------------+----------------------+-----
Maces & Flails | 2 3 5 7 8 |  8.0
Fighting       | |  3.0
Armour         | |  2.6
Shields        | |  2.6

Action                   |  1- 3 |  4- 6 |  7- 9 || total
-------------------------+-------+-------+-------++-------
Melee: Flail             |   114 |   103 |       ||   217
       Morningstar       |       |   115 |    15 ||   130
       Demon whip        |       |       |    49 ||    49
       Headbutt          |       |       |    12 ||    12
Throw: Javelin           |     6 |    10 |       ||    16
  Use: Potion            |     3 |     2 |     4 ||     9
       Scroll            |       |     2 |     3 ||     5
  Eat: Ration            |     1 |     1 |       ||     2
       Chunk             |       |     5 |       ||     5
Armor: Scale mail        |    70 |    81 |    25 ||   176
       Skin              |       |       |     4 ||     4
Dodge: Dodged            |    42 |    46 |    28 ||   116
Block: Shield            |    71 |    97 |    33 ||   201
